BlueJackets vs Devils

Created - Saturday, March 07, 2015 at 00:37

Goals
1 2 3 T
BlueJackets 0 1 0 1
Devils 0 6 1 7
Shots
1 2 3 T
BlueJackets 13 8 1 22
Devils 6 21 7 34

1st period

No Goal

Penalties :
Radko Gudas (NJD) for Holding (Minor) at 9:34

2nd period

1. Devils , John Carlson 16 (Jamie McGinn, Tim Gleason) at 0:18
2. Devils , Jamie McGinn 13 (Drew Stafford, Radko Gudas) at 0:48
3. Devils , Drew Stafford 29 (Jamie McGinn, Tyler Johnson) at 3:44
4. Devils , Tyler Johnson 24 (Matt Irwin) at 14:32
5. BlueJackets , Adam Pardy 2 (Teddy Purcell, Tobias Enstrom) at 18:05 (PP)
6. Devils , Kris Versteeg 12 (Patrik Berglund, Scottie Upshall) at 18:27
7. Devils , Tyler Johnson 25 (Drew Stafford) at 19:14

Penalties :
Radko Gudas (NJD) for Holding Stick (Minor) at 17:26

3rd period

8. Devils , Drew Stafford 30 (Tyler Johnson, Jamie McGinn) at 0:44

Penalties :
Matt Irwin (NJD) for High sticking (Minor) at 3:09, Ryan Garbutt (Clb) for Hooking (Minor) at 11:43

Goalie Stats

Joni Ortio (Clb), 6 saves from 7 shots - (0.857), 20:46 minutes
Jake Allen (Clb), 21 saves from 27 shots - (0.778), L, 8-17-3, 39:14 minutes
Thomas Greiss (NJD), 21 saves from 22 shots - (0.955), W, 12-8-0, 60:00 minutes

Players Stats for BlueJackets

Player Name              G  A  P  +/- PIM S  H  SB GA TA FO     MP     PP MP  PK MP  
------------------------------------------------------------------------------------
Adam Pardy               1  0  1  -2  0   1  0  1  0  0  0/0    19:19   2:16   1:09 
Chad Ruhwedel            0  0  0  -3  0   0  2  3  1  1  0/0    19:03   0:00   0:00 
Drew Shore               0  0  0  -2  0   2  0  1  1  0  2/7    14:27   0:00   0:00 
Erik Cole                0  0  0  -2  0   4  3  0  3  1  0/0    20:35   2:38   0:00 
James Wright             0  0  0  -1  0   0  2  0  0  0  2/4     9:53   0:00   0:56 
Jesse Winchester         0  0  0  -2  0   0  4  0  0  0  1/1    14:14   0:00   0:26 
Justin Williams          0  0  0  -3  0   0  3  1  2  1  0/0    20:55   1:59   0:41 
Kevin Connauton          0  0  0   0  0   0  1  0  1  0  0/0    13:59   0:00   0:00 
Kevin Klein              0  0  0  -4  0   1  1  4  0  1  0/0    23:50   2:21   0:50 
Magnus Paajarvi          0  0  0   0  0   0  0  0  0  0  0/0     0:00   0:00   0:00 
Manny Malhotra           0  0  0  -2  0   0  0  0  0  2  8/16   17:56   0:00   0:00 
Michael Raffl            0  0  0  -1  0   1  0  0  0  0  0/0     8:43   0:00   0:39 
Patrick Wiercioch        0  0  0   0  0   4  3  1  1  0  0/0    17:21   2:21   0:50 
Ryan Garbutt             0  0  0  -2  2   3  2  0  3  0  1/4    17:11   2:38   0:00 
Sam Gagner               0  0  0  -2  0   2  2  0  1  1  0/2    20:35   2:38   0:00 
Teddy Purcell            0  1  1  -2  0   4  1  1  0  0  0/2    17:13   1:59   0:39 
Tobias Enstrom           0  1  1  -5  0   0  1  1  1  1  0/0    26:28   2:16   1:09 
Vernon Fiddler           0  0  0  -2  0   0  1  1  0  0  6/11   16:18   1:59   0:37 

Players Stats for Devils

Player Name              G  A  P  +/- PIM S  H  SB GA TA FO     MP     PP MP  PK MP  
------------------------------------------------------------------------------------
Adam Burish              0  0  0   0  0   0  1  0  0  0  0/0    13:31   0:00   0:11 
Ales Hemsky              0  0  0   0  0   3  0  0  1  0  0/0    13:20   0:00   0:00 
Alex Tanguay             0  0  0   0  0   0  0  0  0  0  1/3    13:20   0:00   0:00 
Chris Mueller            0  0  0   0  0   2  0  0  0  0  0/1     9:42   0:00   0:00 
David Warsofsky          0  0  0   4  0   0  1  0  0  0  0/0    18:21   0:41   1:59 
Drew Stafford            2  2  4   6  0   2  2  1  2  0  6/7    20:27   1:06   3:44 
Jamie McGinn             1  3  4   6  0   5  2  0  3  0  1/1    17:57   1:06   0:42 
Jay Beagle               0  0  0   0  0   0  0  0  1  0  2/3     9:42   0:00   0:00 
John Carlson             1  0  1   3  0   6  0  2  3  1  0/0    26:21   0:41   3:25 
Kris Versteeg            1  0  1   1  0   6  0  0  1  0  0/0    15:06   0:53   0:00 
Matt Irwin               0  1  1   4  2   0  2  4  0  2  0/0    15:33   0:00   0:00 
Patrik Berglund          0  1  1   1  0   2  1  1  1  0  7/15   16:20   0:53   0:42 
Radko Gudas              0  1  1   1  4   1  4  1  0  0  0/0    19:04   0:00   1:26 
Ryan Jones               0  0  0   0  0   0  1  1  0  0  0/0     9:42   0:00   0:00 
Scooter Vaughan          0  0  0   0  0   1  0  0  0  0  0/0    18:21   1:18   1:12 
Scottie Upshall          0  1  1   1  0   1  3  0  0  0  0/0    15:17   0:53   0:11 
Tim Gleason              0  1  1   2  0   0  4  5  0  1  0/0    22:49   1:18   1:12 
Tyler Johnson            2  2  4   6  0   5  1  0  5  0  10/17  20:27   1:06   3:44 

3 Stars

1 - Drew Stafford (NJD)
2 - Tyler Johnson (NJD)
3 - Jamie McGinn (NJD)

Power Play

BlueJackets - 1 on 3 Attempt(s) - 33.33%
Devils - 0 on 1 Attempt(s) - 0.00%

Penalty Kill

BlueJackets - 1 on 1 Attempt(s) - 100.00% - Score 0 goal in Penalty Kill
Devils - 2 on 3 Attempt(s) - 66.67% - Score 0 goal in Penalty Kill

Team Stat

BlueJackets - Hits : 26 - Faceoff Wins : 20 - Blocked Shots : 14 - Penalty Minutes : 2
Devils - Hits : 22 - Faceoff Wins : 27 - Blocked Shots : 15 - Penalty Minutes : 6

Official

Referees : Unknown
Linesman : Unknown

Game Notes

Joni Ortio enters game at 19:14 of 2nd period

Finance

Level 1 -- Attendance: 5329 (88.82%) -- Ticket Income $399,675
Level 2 -- Attendance: 3701 (74.02%) -- Ticket Income $222,060
Level 3 -- Attendance: 1329 (66.45%) -- Ticket Income $46,515
Level 4 -- Attendance: 2260 (56.50%) -- Ticket Income $56,500
Luxury Box -- Attendance: 988 (98.80%) -- Ticket Income $158,080
Game was played at the Continental Airlines Arena'
Total Attendance: 13607 (75.59%)
Total Ticket Income: $882,830
Other Income: $432,587
Total Income: $1,315,417

BlueJackets

5 vs 5 Forward 
   Center                   Left Wing                Right Wing               Time % Phy DF OF 
 1 Manny Malhotra           Erik Cole                Sam Gagner               35     1   2  2  
 2 Vernon Fiddler           Teddy Purcell            Justin Williams          30     1   2  2  
 3 Drew Shore               Ryan Garbutt             Jesse Winchester         22     1   2  2  
 4 James Wright             Michael Raffl            Justin Williams          13     1   2  2  

5 vs 5 Defense 
   Defense                  Defense                                           Time % Phy DF OF 
 1 Tobias Enstrom           Chad Ruhwedel                                     35     1   2  2  
 2 Adam Pardy               Kevin Klein                                       30     1   2  2  
 3 Patrick Wiercioch        Kevin Connauton                                   22     1   2  2  
 4 Tobias Enstrom           Kevin Klein                                       13     1   2  2  

PowerPlay Forward 
   Center                   Left Wing                Right Wing               Time % Phy DF OF 
 1 Ryan Garbutt             Erik Cole                Sam Gagner               60     1   2  2  
 2 Vernon Fiddler           Teddy Purcell            Justin Williams          40     1   2  2  

PowerPlay Defense
   Defense                  Defense                                           Time % Phy DF OF 
 1 Tobias Enstrom           Adam Pardy                                        60     1   2  2  
 2 Patrick Wiercioch        Kevin Klein                                       40     1   2  2  

Penalty Kill 4 Players Forward 
   Center                   Wing                     Time % Phy DF OF 
 1 Teddy Purcell            Justin Williams          60     1   2  2  
 2 Sam Gagner               Erik Cole                40     1   2  2  

Penalty Kill 4 Players Defense
   Defense                  Defense                  Time % Phy DF OF 
 1 Tobias Enstrom           Adam Pardy               60     1   2  2  
 2 Patrick Wiercioch        Kevin Klein              40     1   2  2  

Penalty Kill - 3 Players Forward 
   Forward                                           Time % Phy DF OF 
 1 Erik Cole                                         60     1   2  2  
 2 Justin Williams                                   40     1   2  2  

Penalty Kill - 3 Players Defense
   Defense                  Defense                  Time % Phy DF OF 
 1 Tobias Enstrom           Adam Pardy               60     1   2  2  
 2 Kevin Connauton          Kevin Klein              40     1   2  2  

4 vs 4 Forward 
   Center                   Wing                     Time % Phy DF OF 
 1 Ryan Garbutt             Justin Williams          60     1   2  2  
 2 Teddy Purcell            Erik Cole                40     1   2  2  

4 vs 4 Defense
   Defense                  Defense                  Time % Phy DF OF 
 1 Tobias Enstrom           Patrick Wiercioch        60     1   2  2  
 2 Adam Pardy               Kevin Klein              40     1   2  2  

Last Minutes Offensive
   Center                   Left Wing                Right Wing               Defense                  Defense                  
   Manny Malhotra           Erik Cole                Sam Gagner               Tobias Enstrom           Adam Pardy               

Last Minutes Defensive
   Center                   Left Wing                Right Wing               Defense                  Defense                  
   Manny Malhotra           Erik Cole                Sam Gagner               Tobias Enstrom           Adam Pardy               

Goaltenders
Starting : Jake Allen               
Backup : Joni Ortio               

Extra Forwards
Normal : Ryan Garbutt, Drew Shore, James Wright - PP : Ryan Garbutt, Drew Shore - PK : James Wright
Extra Defensemen
Normal : Kevin Klein, Adam Pardy, Tobias Enstrom - PP : Tobias Enstrom - PK : Kevin Klein, Tobias Enstrom
Penalty Shots
James Wright, Justin Williams, Sam Gagner, Erik Cole, Teddy Purcell

Devils

5 vs 5 Forward 
   Center                   Left Wing                Right Wing               Time % Phy DF OF 
 1 Tyler Johnson            Drew Stafford            Jamie McGinn             35     1   2  2  
 2 Patrik Berglund          Scottie Upshall          Kris Versteeg            30     1   2  2  
 3 Alex Tanguay             Ales Hemsky              Adam Burish              22     1   2  2  
 4 Jay Beagle               Ryan Jones               Chris Mueller            13     1   2  2  

5 vs 5 Defense 
   Defense                  Defense                                           Time % Phy DF OF 
 1 John Carlson             Radko Gudas                                       35     1   2  2  
 2 Tim Gleason              Scooter Vaughan                                   30     1   2  2  
 3 Matt Irwin               David Warsofsky                                   22     1   2  2  
 4 John Carlson             Tim Gleason                                       13     1   2  2  

PowerPlay Forward 
   Center                   Left Wing                Right Wing               Time % Phy DF OF 
 1 Tyler Johnson            Drew Stafford            Jamie McGinn             60     1   2  2  
 2 Patrik Berglund          Scottie Upshall          Kris Versteeg            40     1   2  2  

PowerPlay Defense
   Defense                  Defense                                           Time % Phy DF OF 
 1 John Carlson             David Warsofsky                                   60     1   2  2  
 2 Tim Gleason              Scooter Vaughan                                   40     1   2  2  

Penalty Kill 4 Players Forward 
   Center                   Wing                     Time % Phy DF OF 
 1 Drew Stafford            Tyler Johnson            60     1   2  2  
 2 Patrik Berglund          Jamie McGinn             40     1   2  2  

Penalty Kill 4 Players Defense
   Defense                  Defense                  Time % Phy DF OF 
 1 John Carlson             Radko Gudas              60     1   2  2  
 2 Tim Gleason              Scooter Vaughan          40     1   2  2  

Penalty Kill - 3 Players Forward 
   Forward                                           Time % Phy DF OF 
 1 Drew Stafford                                     60     1   2  2  
 2 Tyler Johnson                                     40     1   2  2  

Penalty Kill - 3 Players Defense
   Defense                  Defense                  Time % Phy DF OF 
 1 John Carlson             Radko Gudas              60     1   2  2  
 2 Tim Gleason              Scooter Vaughan          40     1   2  2  

4 vs 4 Forward 
   Center                   Wing                     Time % Phy DF OF 
 1 Drew Stafford            Tyler Johnson            60     1   2  2  
 2 Patrik Berglund          Jamie McGinn             40     1   2  2  

4 vs 4 Defense
   Defense                  Defense                  Time % Phy DF OF 
 1 John Carlson             Radko Gudas              60     1   2  2  
 2 Tim Gleason              Scooter Vaughan          40     1   2  2  

Last Minutes Offensive
   Center                   Left Wing                Right Wing               Defense                  Defense                  
   Tyler Johnson            Drew Stafford            Jamie McGinn             John Carlson             David Warsofsky          

Last Minutes Defensive
   Center                   Left Wing                Right Wing               Defense                  Defense                  
   Tyler Johnson            Drew Stafford            Jamie McGinn             John Carlson             Radko Gudas              

Goaltenders
Starting : Thomas Greiss            
Backup : Jason Missiaen           

Extra Forwards
Normal : Alex Tanguay, Jay Beagle, Scottie Upshall - PP : Alex Tanguay, Jay Beagle - PK : Scottie Upshall
Extra Defensemen
Normal : Matt Irwin, David Warsofsky, Tim Gleason - PP : Matt Irwin - PK : David Warsofsky, Tim Gleason
Penalty Shots
Drew Stafford, Tyler Johnson, Patrik Berglund, Jamie McGinn, Scottie Upshall

% Time on Ice - BlueJackets

Lines # - Real PCT - Wanted PCT - Time Play
Normal Forward
1 - 35% - 35% - 18:50
2 - 26% - 30% - 13:42
3 - 24% - 22% - 12:48
4 - 15% - 13% - 8:04
Normal Defense
1 - 35% - 35% - 18:46
2 - 31% - 30% - 16:22
3 - 26% - 22% - 13:59
4 - 8% - 13% - 4:17
PP Forward
1 - 57% - 60% - 2:38
2 - 43% - 40% - 1:59
PP Defense
1 - 49% - 60% - 2:16
2 - 51% - 40% - 2:21
PK Forward
1 - 100% - 60% - 1:59
2 - 0% - 40% - 0:00
PK Defense
1 - 58% - 60% - 1:09
2 - 42% - 40% - 0:50
PK3 Forward
1 - 0% - 60%
2 - 0% - 40%
PK3 Defense
1 - 0% - 60%
2 - 0% - 40%
44 Forward
1 - 0% - 60%
2 - 0% - 40%
44 Defense
1 - 0% - 60%
2 - 0% - 40%
Last Minute Offensive  - 0:00
Last Minute Defensive  - 0:00
Total
Forward - 60:00
Defense - 60:00

% Time on Ice - Devils

Lines # - Real PCT - Wanted PCT - Time Play
Normal Forward
1 - 29% - 35% - 15:37
2 - 28% - 30% - 14:45
3 - 25% - 22% - 13:20
4 - 18% - 13% - 9:42
Normal Defense
1 - 33% - 35% - 17:47
2 - 30% - 30% - 15:51
3 - 29% - 22% - 15:18
4 - 8% - 13% - 4:28
PP Forward
1 - 55% - 60% - 1:06
2 - 45% - 40% - 0:53
PP Defense
1 - 34% - 60% - 0:41
2 - 66% - 40% - 1:18
PK Forward
1 - 85% - 60% - 3:55
2 - 15% - 40% - 0:42
PK Defense
1 - 74% - 60% - 3:25
2 - 26% - 40% - 1:12
PK3 Forward
1 - 0% - 60%
2 - 0% - 40%
PK3 Defense
1 - 0% - 60%
2 - 0% - 40%
44 Forward
1 - 0% - 60%
2 - 0% - 40%
44 Defense
1 - 0% - 60%
2 - 0% - 40%
Last Minute Offensive  - 0:00
Last Minute Defensive  - 0:00
Total
Forward - 60:00
Defense - 60:00

Play by Play

1st period


0:01 of 1st period - Tyler Johnson wins face-off versus Manny Malhotra in neutral zone.
0:04 of 1st period - Slapshot by Jamie McGinn.
0:04 of 1st period - Stopped by Jake Allen with a rebound.
0:24 of 1st period - Slapshot by Erik Cole.
0:24 of 1st period - Shot Blocked by Drew Stafford.
1:17 of 1st period - Patrik Berglund is hit by Teddy Purcell and loses puck.
1:59 of 1st period - Snap shot by Drew Shore.
1:59 of 1st period - Shot Misses the Net.
2:17 of 1st period - Tim Gleason is hit by Justin Williams and loses puck.
2:52 of 1st period - Slapshot by Patrick Wiercioch.
2:52 of 1st period - Stopped by Thomas Greiss with a rebound.
2:54 of 1st period - Wrist shot by Kevin Connauton.
2:54 of 1st period - Shot Misses the Net.
3:26 of 1st period - Kevin Klein is hit by Radko Gudas and loses puck.
3:31 of 1st period - Snap shot by Tyler Johnson.
3:31 of 1st period - Shot Misses the Net.
3:33 of 1st period - Slapshot by John Carlson.
3:33 of 1st period - Deflect By Jamie McGinn.
3:33 of 1st period - Stopped by Jake Allen with a rebound.
3:35 of 1st period - Snap shot by Radko Gudas.
3:35 of 1st period - Shot Blocked by Teddy Purcell.
3:37 of 1st period - Slapshot by John Carlson.
3:37 of 1st period - Shot Blocked by Kevin Klein.
3:39 of 1st period - Slapshot by John Carlson.
3:39 of 1st period - Stopped by Jake Allen without a rebound.
3:40 of 1st period - Drew Shore wins face-off versus Tyler Johnson in BlueJackets zone.
4:03 of 1st period - Drew Stafford is hit by Ryan Garbutt and loses puck.
4:30 of 1st period - Kevin Connauton is hit by Radko Gudas.
4:58 of 1st period - Slapshot by Patrick Wiercioch.
4:58 of 1st period - Stopped by Thomas Greiss with a rebound.
5:08 of 1st period - Snap shot by Justin Williams.
5:08 of 1st period - Shot Blocked by Matt Irwin.
5:10 of 1st period - Slapshot by Adam Pardy.
5:10 of 1st period - Shot Blocked by Ryan Jones.
5:12 of 1st period - Wrist shot by Adam Pardy.
5:12 of 1st period - Shot Blocked by Matt Irwin.
5:34 of 1st period - Wrist shot by Teddy Purcell.
5:34 of 1st period - Deflect By Chris Mueller.
5:34 of 1st period - Shot Blocked by Matt Irwin.
5:34 of 1st period - Puck is out of play.
5:35 of 1st period - Patrik Berglund wins face-off versus Vernon Fiddler in Devils zone.
6:02 of 1st period - Slapshot by Ryan Garbutt.
6:02 of 1st period - Stopped by Thomas Greiss with a rebound.
6:04 of 1st period - Snap shot by Patrick Wiercioch.
6:04 of 1st period - Shot Blocked by John Carlson.
6:32 of 1st period - Slapshot by Patrick Wiercioch.
6:32 of 1st period - Stopped by Thomas Greiss with a rebound.
8:07 of 1st period - Vernon Fiddler is hit by David Warsofsky and loses puck.
8:24 of 1st period - Wrist shot by Jamie McGinn.
8:24 of 1st period - Shot Blocked by Kevin Klein.
8:26 of 1st period - Slapshot by Scooter Vaughan.
8:26 of 1st period - Stopped by Jake Allen without a rebound.
8:27 of 1st period - Manny Malhotra wins face-off versus Tyler Johnson in BlueJackets zone.
8:27 of 1st period - Manny Malhotra is hit by Tyler Johnson.
8:48 of 1st period - Snap shot by Chad Ruhwedel.
8:48 of 1st period - Shot Blocked by Tim Gleason.
8:50 of 1st period - Wrist shot by Chad Ruhwedel.
8:50 of 1st period - Shot Blocked by Tim Gleason.
9:06 of 1st period - Snap shot by Drew Shore.
9:06 of 1st period - Shot Misses the Net.
9:08 of 1st period - Slapshot by Drew Shore.
9:08 of 1st period - Stopped by Thomas Greiss with a rebound.
9:10 of 1st period - Backhand shot by Chad Ruhwedel.
9:10 of 1st period - Shot Misses the Net.
9:12 of 1st period - Snap shot by Drew Shore.
9:12 of 1st period - Stopped by Thomas Greiss with a rebound.
9:22 of 1st period - Jay Beagle is hit by Justin Williams and loses puck.
9:34 of 1st period - Minor Penalty to Radko Gudas for Holding.
9:35 of 1st period - Drew Stafford wins face-off versus Ryan Garbutt in Devils zone.
10:09 of 1st period - Snap shot by Teddy Purcell.
10:09 of 1st period - Stopped by Thomas Greiss without a rebound.
10:10 of 1st period - Drew Stafford wins face-off versus Vernon Fiddler in Devils zone.
10:37 of 1st period - John Carlson is hit by Patrick Wiercioch and loses puck.
10:54 of 1st period - Snap shot by Teddy Purcell.
10:54 of 1st period - Stopped by Thomas Greiss with a rebound.
11:23 of 1st period - Sam Gagner is hit by Jamie McGinn and loses puck.
11:30 of 1st period - John Carlson is hit by Kevin Klein and loses puck.
11:34 of 1st period - Penalty to Radko Gudas is over, Radko Gudas is back on ice.
11:43 of 1st period - Slapshot by Patrick Wiercioch.
11:43 of 1st period - Stopped by Thomas Greiss with a rebound.
11:45 of 1st period - Snap shot by Patrick Wiercioch.
11:45 of 1st period - Shot Blocked by Patrik Berglund.
11:47 of 1st period - Slapshot by James Wright.
11:47 of 1st period - Shot Hit the Post.
11:49 of 1st period - Snap shot by Michael Raffl.
11:49 of 1st period - Stopped by Thomas Greiss without a rebound.
11:50 of 1st period - James Wright wins face-off versus Alex Tanguay in Devils zone.
12:07 of 1st period - Snap shot by Patrick Wiercioch.
12:07 of 1st period - Shot Misses the Net.
12:09 of 1st period - Snap shot by James Wright.
12:09 of 1st period - Shot Blocked by Tim Gleason.
12:11 of 1st period - Slapshot by James Wright.
12:11 of 1st period - Shot Blocked by Tim Gleason.
12:13 of 1st period - Snap shot by Drew Shore.
12:13 of 1st period - Shot Misses the Net.
12:15 of 1st period - Snap shot by James Wright.
12:15 of 1st period - Shot Misses the Net.
12:22 of 1st period - Off-side.
12:23 of 1st period - Manny Malhotra wins face-off versus Patrik Berglund in neutral zone.
12:40 of 1st period - Slapshot by Kris Versteeg.
12:40 of 1st period - Stopped by Jake Allen with a rebound.
12:56 of 1st period - Scottie Upshall is hit by Chad Ruhwedel and loses puck.
13:18 of 1st period - John Carlson is hit by Chad Ruhwedel and loses puck.
13:35 of 1st period - Kevin Klein is hit by Ryan Jones and loses puck.
13:48 of 1st period - Snap shot by Ryan Garbutt.
13:48 of 1st period - Stopped by Thomas Greiss with a rebound.
14:04 of 1st period - Adam Burish is hit by James Wright and loses puck.
14:25 of 1st period - Slapshot by Matt Irwin.
14:25 of 1st period - Shot Hit the Post.
15:38 of 1st period - Icing by Scottie Upshall.
15:39 of 1st period - James Wright wins face-off versus Patrik Berglund in Devils zone.
16:00 of 1st period - Tobias Enstrom is hit by Matt Irwin and loses puck.
16:25 of 1st period - Snap shot by Alex Tanguay.
16:25 of 1st period - Shot Hit the Post.
16:27 of 1st period - Slapshot by Radko Gudas.
16:27 of 1st period - Shot Misses the Net.
16:29 of 1st period - Slapshot by John Carlson.
16:29 of 1st period - Deflect By Tobias Enstrom.
16:29 of 1st period - Stopped by Jake Allen without a rebound.
16:30 of 1st period - Alex Tanguay wins face-off versus Sam Gagner in BlueJackets zone.
16:35 of 1st period - Wrist shot by Alex Tanguay.
16:35 of 1st period - Shot Misses the Net.
16:59 of 1st period - Vernon Fiddler is hit by Radko Gudas and loses puck.
17:34 of 1st period - Snap shot by Ryan Garbutt.
17:34 of 1st period - Stopped by Thomas Greiss without a rebound.
17:35 of 1st period - Tyler Johnson wins face-off versus Drew Shore in Devils zone.
17:35 of 1st period - Tyler Johnson is hit by Ryan Garbutt.
17:41 of 1st period - Kevin Klein is hit by Drew Stafford and loses puck.
17:55 of 1st period - Off-side.
17:56 of 1st period - Manny Malhotra wins face-off versus Patrik Berglund in neutral zone.
18:25 of 1st period - Off-side.
18:26 of 1st period - Vernon Fiddler wins face-off versus Drew Stafford in neutral zone.
18:31 of 1st period - Snap shot by Teddy Purcell.
18:31 of 1st period - Stopped by Thomas Greiss without a rebound.
18:32 of 1st period - Tyler Johnson wins face-off versus Vernon Fiddler in Devils zone.
18:37 of 1st period - Snap shot by Drew Stafford.
18:37 of 1st period - Shot Misses the Net.
19:20 of 1st period - Tyler Johnson is hit by Erik Cole and loses puck.
Goals for this period are 0 for BlueJackets vs 0 for Devils.
Shots for this period are 13 for BlueJackets vs 6 for Devils.

2nd period


0:01 of 2nd period - Vernon Fiddler wins face-off versus Tyler Johnson in neutral zone.
0:16 of 2nd period - Slapshot by Jamie McGinn.
0:16 of 2nd period - Shot Misses the Net.
0:18 of 2nd period - Slapshot by John Carlson.
0:18 of 2nd period - Deflect By Tobias Enstrom.
0:18 of 2nd period - Goal by John Carlson - BlueJackets : 0 - Devils : 1.
0:19 of 2nd period - Manny Malhotra wins face-off versus Tyler Johnson in neutral zone.
0:24 of 2nd period - Snap shot by Erik Cole.
0:24 of 2nd period - Stopped by Thomas Greiss without a rebound.
0:25 of 2nd period - Tyler Johnson wins face-off versus Manny Malhotra in Devils zone.
0:25 of 2nd period - Tyler Johnson is hit by Erik Cole.
0:36 of 2nd period - Snap shot by Jamie McGinn.
0:36 of 2nd period - Shot Misses the Net.
0:38 of 2nd period - Wrist shot by Drew Stafford.
0:38 of 2nd period - Shot Misses the Net.
0:40 of 2nd period - Slapshot by Radko Gudas.
0:40 of 2nd period - Stopped by Jake Allen with a rebound.
0:48 of 2nd period - Backhand shot by Jamie McGinn.
0:48 of 2nd period - Goal by Jamie McGinn - BlueJackets : 0 - Devils : 2.
0:49 of 2nd period - Vernon Fiddler wins face-off versus Patrik Berglund in neutral zone.
1:14 of 2nd period - Snap shot by Teddy Purcell.
1:14 of 2nd period - Stopped by Thomas Greiss without a rebound.
1:15 of 2nd period - Manny Malhotra wins face-off versus Tyler Johnson in Devils zone.
1:42 of 2nd period - Slapshot by Erik Cole.
1:42 of 2nd period - Stopped by Thomas Greiss with a rebound.
3:06 of 2nd period - Snap shot by Kris Versteeg.
3:06 of 2nd period - Stopped by Jake Allen without a rebound.
3:07 of 2nd period - Patrik Berglund wins face-off versus Drew Shore in BlueJackets zone.
3:17 of 2nd period - Snap shot by Kris Versteeg.
3:17 of 2nd period - Stopped by Jake Allen with a rebound.
3:19 of 2nd period - Wrist shot by Kris Versteeg.
3:19 of 2nd period - Shot Blocked by Drew Shore.
3:21 of 2nd period - Snap shot by Patrik Berglund.
3:21 of 2nd period - Shot Blocked by Kevin Klein.
3:23 of 2nd period - Snap shot by Patrik Berglund.
3:23 of 2nd period - Stopped by Jake Allen without a rebound.
3:24 of 2nd period - Drew Stafford wins face-off versus James Wright in BlueJackets zone.
3:33 of 2nd period - Snap shot by Drew Stafford.
3:33 of 2nd period - Shot Misses the Net.
3:35 of 2nd period - Slapshot by Tyler Johnson.
3:35 of 2nd period - Shot Misses the Net.
3:37 of 2nd period - Slapshot by Jamie McGinn.
3:37 of 2nd period - Shot Misses the Net.
3:44 of 2nd period - Snap shot by Drew Stafford.
3:44 of 2nd period - Goal by Drew Stafford - BlueJackets : 0 - Devils : 3.
3:45 of 2nd period - Tyler Johnson wins face-off versus Manny Malhotra in neutral zone.
4:02 of 2nd period - Snap shot by Tobias Enstrom.
4:02 of 2nd period - Shot Misses the Net.
4:20 of 2nd period - Tim Gleason is hit by Sam Gagner and loses puck.
4:40 of 2nd period - Kevin Klein is hit by Tim Gleason and loses puck.
4:45 of 2nd period - Wrist shot by Scottie Upshall.
4:45 of 2nd period - Stopped by Jake Allen with a rebound.
5:00 of 2nd period - David Warsofsky is hit by Vernon Fiddler and loses puck.
5:50 of 2nd period - Slapshot by Drew Shore.
5:50 of 2nd period - Shot Blocked by Matt Irwin.
6:41 of 2nd period - Ales Hemsky is hit by Erik Cole and loses puck.
7:02 of 2nd period - Kevin Klein is hit by Radko Gudas and loses puck.
7:07 of 2nd period - Wrist shot by Tyler Johnson.
7:07 of 2nd period - Stopped by Jake Allen with a rebound.
7:09 of 2nd period - Slapshot by John Carlson.
7:09 of 2nd period - Stopped by Jake Allen without a rebound.
7:10 of 2nd period - Tyler Johnson wins face-off versus Drew Shore in BlueJackets zone.
7:15 of 2nd period - Wrist shot by Jamie McGinn.
7:15 of 2nd period - Stopped by Jake Allen with a rebound.
7:27 of 2nd period - Snap shot by Jamie McGinn.
7:27 of 2nd period - Stopped by Jake Allen without a rebound.
7:28 of 2nd period - Drew Shore wins face-off versus Patrik Berglund in BlueJackets zone.
7:59 of 2nd period - Scottie Upshall is hit by Patrick Wiercioch and loses puck.
8:15 of 2nd period - Icing by Justin Williams.
8:16 of 2nd period - Vernon Fiddler wins face-off versus Jay Beagle in BlueJackets zone.
8:37 of 2nd period - Slapshot by John Carlson.
8:37 of 2nd period - Shot Misses the Net.
8:39 of 2nd period - Backhand shot by John Carlson.
8:39 of 2nd period - Shot Misses the Net.
8:41 of 2nd period - Slapshot by John Carlson.
8:41 of 2nd period - Deflect By Tobias Enstrom.
8:41 of 2nd period - Stopped by Jake Allen with a rebound.
8:43 of 2nd period - Slapshot by Radko Gudas.
8:43 of 2nd period - Shot Blocked by Chad Ruhwedel.
8:45 of 2nd period - Wrist shot by Chris Mueller.
8:45 of 2nd period - Stopped by Jake Allen without a rebound.
8:46 of 2nd period - Manny Malhotra wins face-off versus Tyler Johnson in BlueJackets zone.
8:46 of 2nd period - Manny Malhotra is hit by Drew Stafford.
9:16 of 2nd period - Adam Pardy is hit by Tim Gleason and loses puck.
9:40 of 2nd period - John Carlson is hit by Jesse Winchester and loses puck.
11:00 of 2nd period - Snap shot by Sam Gagner.
11:00 of 2nd period - Shot Misses the Net.
12:48 of 2nd period - Snap shot by Ales Hemsky.
12:48 of 2nd period - Stopped by Jake Allen with a rebound.
12:50 of 2nd period - Slapshot by Tim Gleason.
12:50 of 2nd period - Shot Blocked by Vernon Fiddler.
13:19 of 2nd period - Slapshot by Jesse Winchester.
13:19 of 2nd period - Shot Misses the Net.
13:21 of 2nd period - Slapshot by Kevin Klein.
13:21 of 2nd period - Stopped by Thomas Greiss without a rebound.
13:22 of 2nd period - Jay Beagle wins face-off versus Drew Shore in Devils zone.
14:25 of 2nd period - Tobias Enstrom is hit by Jamie McGinn and loses puck.
14:32 of 2nd period - Snap shot by Tyler Johnson.
14:32 of 2nd period - Goal by Tyler Johnson - BlueJackets : 0 - Devils : 4.
14:33 of 2nd period - Tyler Johnson wins face-off versus Manny Malhotra in neutral zone.
14:44 of 2nd period - Slapshot by Sam Gagner.
14:44 of 2nd period - Stopped by Thomas Greiss without a rebound.
14:45 of 2nd period - Jamie McGinn wins face-off versus Manny Malhotra in Devils zone.
15:18 of 2nd period - Wrist shot by Tyler Johnson.
15:18 of 2nd period - Stopped by Jake Allen without a rebound.
15:19 of 2nd period - Ryan Garbutt wins face-off versus Patrik Berglund in BlueJackets zone.
15:19 of 2nd period - Ryan Garbutt is hit by Scottie Upshall.
15:24 of 2nd period - Tobias Enstrom is hit by Scottie Upshall and loses puck.
15:35 of 2nd period - Slapshot by Drew Shore.
15:35 of 2nd period - Shot Misses the Net.
15:45 of 2nd period - Wrist shot by Kris Versteeg.
15:45 of 2nd period - Stopped by Jake Allen with a rebound.
15:47 of 2nd period - Wrist shot by John Carlson.
15:47 of 2nd period - Shot Blocked by Chad Ruhwedel.
16:24 of 2nd period - Snap shot by Teddy Purcell.
16:24 of 2nd period - Shot Misses the Net.
16:26 of 2nd period - Slapshot by Kevin Klein.
16:26 of 2nd period - Shot Blocked by Radko Gudas.
16:28 of 2nd period - Slapshot by Adam Pardy.
16:28 of 2nd period - Shot Misses the Net.
16:38 of 2nd period - Adam Pardy is hit by Adam Burish and loses puck.
17:12 of 2nd period - Slapshot by Sam Gagner.
17:12 of 2nd period - Stopped by Thomas Greiss with a rebound.
17:26 of 2nd period - Minor Penalty to Radko Gudas for Holding Stick.
17:27 of 2nd period - Drew Stafford wins face-off versus Ryan Garbutt in Devils zone.
18:01 of 2nd period - Snap shot by Teddy Purcell.
18:01 of 2nd period - Shot Misses the Net.
18:03 of 2nd period - Slapshot by Adam Pardy.
18:03 of 2nd period - Shot Blocked by Tim Gleason.
18:05 of 2nd period - Slapshot by Adam Pardy.
18:05 of 2nd period - Goal by Adam Pardy - BlueJackets : 1 - Devils : 4.
18:06 of 2nd period - Patrik Berglund wins face-off versus Drew Shore in neutral zone.
18:27 of 2nd period - Wrist shot by Kris Versteeg.
18:27 of 2nd period - Goal by Kris Versteeg - BlueJackets : 1 - Devils : 5.
18:28 of 2nd period - Vernon Fiddler wins face-off versus Patrik Berglund in neutral zone.
18:59 of 2nd period - Tobias Enstrom is hit by Tim Gleason and loses puck.
19:04 of 2nd period - Slapshot by John Carlson.
19:04 of 2nd period - Stopped by Jake Allen with a rebound.
19:06 of 2nd period - Slapshot by Tim Gleason.
19:06 of 2nd period - Deflect By Kris Versteeg.
19:06 of 2nd period - Shot Misses the Net.
19:06 of 2nd period - Puck is out of play.
19:07 of 2nd period - Tyler Johnson wins face-off versus Sam Gagner in BlueJackets zone.
19:14 of 2nd period - Snap shot by Tyler Johnson.
19:14 of 2nd period - Goal by Tyler Johnson - BlueJackets : 1 - Devils : 6.
19:14 of 2nd period - Joni Ortio enters game.
19:15 of 2nd period - Tyler Johnson wins face-off versus Manny Malhotra in neutral zone.
19:45 of 2nd period - Snap shot by Erik Cole.
19:45 of 2nd period - Stopped by Thomas Greiss without a rebound.
19:46 of 2nd period - Patrik Berglund wins face-off versus Vernon Fiddler in Devils zone.
Goals for this period are 1 for BlueJackets vs 6 for Devils.
Shots for this period are 8 for BlueJackets vs 21 for Devils.

3rd period


0:01 of 3rd period - Drew Stafford wins face-off versus Teddy Purcell in neutral zone.
0:06 of 3rd period - Slapshot by John Carlson.
0:06 of 3rd period - Deflect By Jamie McGinn.
0:06 of 3rd period - Shot Blocked by Justin Williams.
0:06 of 3rd period - Puck is out of play.
0:07 of 3rd period - Vernon Fiddler wins face-off versus Tyler Johnson in BlueJackets zone.
0:07 of 3rd period - Vernon Fiddler is hit by Tim Gleason.
0:17 of 3rd period - Slapshot by Justin Williams.
0:17 of 3rd period - Shot Blocked by John Carlson.
0:28 of 3rd period - Wrist shot by Drew Stafford.
0:28 of 3rd period - Shot Blocked by Tobias Enstrom.
0:44 of 3rd period - Snap shot by Drew Stafford.
0:44 of 3rd period - Goal by Drew Stafford - BlueJackets : 1 - Devils : 7.
0:45 of 3rd period - Patrik Berglund wins face-off versus Manny Malhotra in neutral zone.
1:08 of 3rd period - Wrist shot by Scottie Upshall.
1:08 of 3rd period - Shot Misses the Net.
1:48 of 3rd period - Adam Burish is hit by Jesse Winchester and loses puck.
1:55 of 3rd period - Snap shot by Drew Shore.
1:55 of 3rd period - Shot Misses the Net.
2:45 of 3rd period - Tim Gleason is hit by Justin Williams and loses puck.
3:09 of 3rd period - Minor Penalty to Matt Irwin for High sticking.
3:10 of 3rd period - Drew Stafford wins face-off versus Ryan Garbutt in Devils zone.
5:09 of 3rd period - Penalty to Matt Irwin is over, Matt Irwin is back on ice.
5:24 of 3rd period - Slapshot by Tobias Enstrom.
5:24 of 3rd period - Deflect By Jesse Winchester.
5:24 of 3rd period - Shot Misses the Net.
5:24 of 3rd period - Puck is out of play.
5:25 of 3rd period - Jesse Winchester wins face-off versus Chris Mueller in Devils zone.
5:38 of 3rd period - Slapshot by Matt Irwin.
5:38 of 3rd period - Shot Hit the Post.
5:40 of 3rd period - Snap shot by Chris Mueller.
5:40 of 3rd period - Stopped by Joni Ortio with a rebound.
5:42 of 3rd period - Snap shot by Chris Mueller.
5:42 of 3rd period - Deflect By Jay Beagle.
5:42 of 3rd period - Shot Misses the Net.
5:42 of 3rd period - Puck is out of play.
5:43 of 3rd period - Jay Beagle wins face-off versus Manny Malhotra in BlueJackets zone.
6:04 of 3rd period - Sam Gagner is hit by Matt Irwin and loses puck.
6:28 of 3rd period - Wrist shot by Patrik Berglund.
6:28 of 3rd period - Stopped by Joni Ortio without a rebound.
6:29 of 3rd period - Patrik Berglund wins face-off versus James Wright in BlueJackets zone.
6:39 of 3rd period - Wrist shot by Scottie Upshall.
6:39 of 3rd period - Shot Misses the Net.
7:10 of 3rd period - Off-side.
7:11 of 3rd period - Manny Malhotra wins face-off versus Alex Tanguay in neutral zone.
8:14 of 3rd period - Slapshot by Tyler Johnson.
8:14 of 3rd period - Stopped by Joni Ortio without a rebound.
8:15 of 3rd period - Patrik Berglund wins face-off versus Vernon Fiddler in BlueJackets zone.
9:12 of 3rd period - Snap shot by Drew Stafford.
9:12 of 3rd period - Shot Misses the Net.
9:48 of 3rd period - Snap shot by Jay Beagle.
9:48 of 3rd period - Shot Blocked by Chad Ruhwedel.
11:12 of 3rd period - Wrist shot by Ales Hemsky.
11:12 of 3rd period - Stopped by Joni Ortio with a rebound.
11:43 of 3rd period - Minor Penalty to Ryan Garbutt for Hooking.
11:44 of 3rd period - Tyler Johnson wins face-off versus Teddy Purcell in BlueJackets zone.
12:04 of 3rd period - Snap shot by Tyler Johnson.
12:04 of 3rd period - Shot Misses the Net.
12:06 of 3rd period - Slapshot by Tim Gleason.
12:06 of 3rd period - Shot Blocked by Kevin Klein.
13:00 of 3rd period - Tobias Enstrom is hit by Patrik Berglund and loses puck.
13:09 of 3rd period - Kris Versteeg is hit by Tobias Enstrom and loses puck.
13:22 of 3rd period - John Carlson is hit by Jesse Winchester and loses puck.
13:43 of 3rd period - Penalty to Ryan Garbutt is over, Ryan Garbutt is back on ice.
14:28 of 3rd period - Wrist shot by Ales Hemsky.
14:28 of 3rd period - Stopped by Joni Ortio with a rebound.
15:34 of 3rd period - Drew Stafford is hit by Jesse Winchester and loses puck.
15:54 of 3rd period - Alex Tanguay is hit by Kevin Connauton and loses puck.
16:12 of 3rd period - Wrist shot by Erik Cole.
16:12 of 3rd period - Shot Misses the Net.
16:14 of 3rd period - Snap shot by Erik Cole.
16:14 of 3rd period - Stopped by Thomas Greiss with a rebound.
16:35 of 3rd period - Alex Tanguay is hit by James Wright and loses puck.
17:40 of 3rd period - John Carlson is hit by Sam Gagner and loses puck.
18:24 of 3rd period - Tyler Johnson is hit by Patrick Wiercioch and loses puck.
18:53 of 3rd period - Wrist shot by Tyler Johnson.
18:53 of 3rd period - Shot Hit the Post.
18:55 of 3rd period - Slapshot by Tim Gleason.
18:55 of 3rd period - Shot Blocked by Patrick Wiercioch.
19:09 of 3rd period - Wrist shot by Patrik Berglund.
19:09 of 3rd period - Deflect By Kris Versteeg.
19:09 of 3rd period - Stopped by Joni Ortio without a rebound.
19:10 of 3rd period - Manny Malhotra wins face-off versus Patrik Berglund in BlueJackets zone.
19:22 of 3rd period - Adam Pardy is hit by Scottie Upshall and loses puck.
19:52 of 3rd period - Snap shot by Tyler Johnson.
19:52 of 3rd period - Shot Blocked by Adam Pardy.
Goals for this period are 0 for BlueJackets vs 1 for Devils.
Shots for this period are 1 for BlueJackets vs 7 for Devils.


Output by the SimonT Hockey Simulator (STHS) for Eric Dolegowski -- Original Page W3C XHTML 1.0 Valid
Hockey Simulator - Hockey Simulation - Hockey Manager